 Seeded DCSS version 0.27-a0-1196-g3e9cee4cb2 (webtiles) character file.

Game seed: 13139434240342159461 (custom seed)

360 streetpizza the Ducker (level 6, 0/49 HPs)
             Began as a Merfolk Gladiator on May 27, 2021.
             Slain by an orc warrior
             ... wielding a +0 battleaxe
              (10 damage)
             ... on level 4 of the Dungeon.
             The game lasted 00:09:06 (4130 turns).

streetpizza the Ducker (Merfolk Gladiator)          Turns: 4130, Time: 00:09:06

Health: 0/49       AC:  8    Str: 14    XL:     6   Next: 65%
Magic:  6/6        EV: 15    Int:  8    God:
Gold:   131        SH:  0    Dex: 17    Spells: 5/5 levels left

rFire    . . .     SeeInvis .   a - +0 long sword (freeze)
rCold    . . .     Faith    .   (no shield)
rNeg     . . .     Spirit   .   b - +0 leather armour
rPois    +         Reflect  .   c - +0 helmet
rElec    .         Harm     .   (no cloak)
rCorr    .         Rampage  .   (no gloves)
Will     .....                  (no boots)
Stlth    +.........             (no amulet)
HPRegen  0.16/turn              l - +4 ring of protection
MPRegen  0.10/turn              r - ring of poison resistance

@: no status effects
A: (nimble swimmer 2), mertail
a: no special abilities


You were on level 4 of the Dungeon.
You visited 1 branch of the dungeon, and saw 5 of its levels.

You collected 131 gold pieces.

Inventory:

Hand Weapons
 a - a +0 long sword of freezing (weapon)
Missiles
 d - 3 throwing nets (quivered)
Armour
 b - a +0 leather armour (worn)
 c - a +0 helmet (worn)
Jewellery
 l - a +4 ring of protection (left hand)
 r - a ring of poison resistance (right hand)
Wands
 n - a wand of polymorph (6)
Scrolls
 e - a scroll of fog
 h - a scroll of vulnerability {unknown}
 m - a scroll of blinking {unknown}
 p - a scroll of fear {unknown}
 s - a scroll of noise {unknown}
 u - a scroll of torment {unknown}
Potions
 f - 2 potions of haste {unknown}
 g - 2 potions of curing {unknown}
 i - 2 potions of lignification {unknown}
 j - a potion of mutation {unknown}
 k - a potion of might {unknown}
 q - a potion of invisibility {unknown}
 t - a potion of heal wounds {unknown}


   Skills:
 + Level 4.6 Fighting
 + Level 5.3 Long Blades
 - Level 2.0 Throwing
 + Level 6.4 Dodging


You had 5 spell levels left.
You didn't know any spells.
Your spell library was empty.

Dungeon Overview and Level Annotations

Branches:
Dungeon (5/15)
 Temple: D:4-7

Altars:
Elyvilon
Wu Jian


Innate Abilities, Weirdness & Mutations

((You are quick and stealthy near water. (Stealth+, EV+, Speed+++)))
Your lower body shifts to a powerful aquatic tail in water.


Message History

You slash something! You freeze something.
Something hits you but does no damage.
An orc wizard appears from thin air!
Reactivating autopickup.
The orc wizard casts a spell at you. The puff of flame hits you!
The orc wizard gestures at itself while chanting.
The orc wizard flickers and vanishes!
Deactivating autopickup; reactivate with Ctrl-A.
The orc priest looks encouraged for a moment.
There is a stone staircase leading up here.
The orc wizard casts a spell at you.
You are confused.
In your confused state, you trip and fall back down the stairs.
The orc wizard hits you with a +0 dagger.
You climb upwards.
Reactivating autopickup.
The orc warrior closely misses you. The orc hits you but does no damage.
The orc warrior closely misses you.
There is a stone staircase leading down here.
The orc wizard completely misses you.
You bump into the rock wall.
The orc wizard misses you. The orc hits you but does no damage.
The orc warrior barely misses you.
You're too confused to move!
The orc wizard hits you but does no damage.
The orc closely misses you.
The orc warrior hits you with a +0 battleaxe!
* * * LOW HITPOINT WARNING * * *
You feel less confused.
The orc warrior hits you with a +0 battleaxe.
* * * LOW HITPOINT WARNING * * *
The orc wizard points at itself and mumbles some strange words.
The orc wizard flickers and vanishes!
Deactivating autopickup; reactivate with Ctrl-A.
Okay, then.
Something tries to affect you, but you resist.
As you read the scroll labelled NEOSAW ACKIA, it crumbles to dust.
The scroll dissolves into smoke.
It was a scroll of fog.
The orc warrior hits you with a +0 battleaxe!
You die...

#.##### #.#####.# #.....#
#.###...##### #####.#
#...........# #.#
#####...###.# #.# ##.##
#.#
#.##################.#
#.#
####.#..................#
#.#
#.....#.#################
#.# ###.....##....§§@o§.#
#.# #.......#.#########.#
#.# #.#......## ##.# #.#
#.#......# #..# #.#
#..###.#.# #.## #.#
##.###.#.# #.# #.#
.(.....#.# #o# #.#
##......o#### #.# #.#
##>.........# #.# #.#


You could see an orc warrior.

Vanquished Creatures
  An ogre (D:5)
  A scorpion (D:4)
  A jelly (D:4)
  An iguana (D:5)
  2 orc wizards
  5 adders
  2 adder skeletons (D:4)
  3 worms
  A dart slug (D:3)
  3 orcs
  7 bats
  3 endoplasms
  3 giant cockroaches
  2 hobgoblins (D:1)
  4 kobolds
  3 quokkas
  8 ball pythons
  4 frilled lizards
  6 goblins
  5 rats
65 creatures vanquished.

Vanquished Creatures (others)
  An orc (D:3)
1 creature vanquished.

Grand Total: 66 creatures vanquished

Notes
Turn   | Place    | Note
-------+----------+-------------------------------------------
     0 | D:1      | streetpizza the Merfolk Gladiator began the quest for the
                  | Orb.
     0 | D:1      | Reached XP level 1. HP: 16/16 MP: 1/1
   219 | D:1      | Reached XP level 2. HP: 23/23 MP: 2/2
   706 | D:1      | Found a faded altar of an unknown god.
  1334 | D:2      | Reached XP level 3. HP: 28/28 MP: 3/3
  1949 | D:3      | Found a white marble altar of Elyvilon.
  1982 | D:3      | Reached XP level 4. HP: 27/35 MP: 4/4
  2151 | D:3      | Reached skill level 5 in Dodging
  2738 | D:3      | Found an ornate altar of the Wu Jian Council.
  3047 | D:4      | Noticed a scorpion
  3056 | D:4      | Killed a scorpion
  3057 | D:4      | Reached XP level 5. HP: 27/42 MP: 5/5
  3851 | D:5      | Entered Level 5 of the Dungeon
  3852 | D:5      | Noticed an orc warrior
  4015 | D:5      | Noticed an ogre
  4023 | D:5      | Killed an ogre
  4024 | D:5      | Reached skill level 5 in Long Blades
  4024 | D:5      | Reached skill level 6 in Dodging
  4024 | D:5      | Reached XP level 6. HP: 42/49 MP: 6/6
  4130 | D:4      | Slain by an orc warrior

Illustrated notes

Levels and vault maps discovered:
D:1:      ncdulo_smallfort, layout_basic, shapermc_ecumenical_altar_notcrosses,
          minmay_strange_pillars
D:2:      layout_basic
D:3:      layout_basic, elyvilon_altar_3, nzn_wu_jian_council_hall,
          minmay_fractal_squares_gapless_5
D:4:      layout_loops_ring
D:5:      layout_basic, minitemple, minmay_temple_entry_offerings

Skill      XL: |  1  2  3  4  5 |
---------------+----------------+-----
Fighting       | 3 4 |  4.6
Long Blades    | 4 5 |  5.3
Dodging        | 5 6 |  6.4
Throwing       | |  2.0

Action                   |  1- 3 |  4- 6 || total
-------------------------+-------+-------++-------
Melee: Long sword        |    70 |    98 ||   168
       Tailslap          |       |     1 ||     1
Throw: Dart              |       |     5 ||     5
  Use: Scroll            |     1 |     1 ||     2
 Stab: Sleeping          |     3 |     2 ||     5
Armor: Leather armour    |    16 |    30 ||    46
Dodge: Dodged            |    44 |    76 ||   120
       Rpst.: Long sword |    12 |    27 ||    39

Table legend: (Time is in decaauts)
 A = Elapsed time spent in this place.
 B = Non-inter-level travel time spent in this place.
 C = Inter-level travel time spent in this place.
 D = Time resting spent in this place.
 E = Time spent auto-exploring this place.
 F = Levels seen in this place.
 G = Mean time per level.
                   A        B        C        D        E       F      G
               +--------+--------+--------+--------+--------+-----+--------+
         Total |   4143 |   3989 |    154 |      3 |   3386 |   5 |  828.6 |
       Dungeon |   4143 |   3989 |    154 |      3 |   3386 |   5 |  828.6 |
               +--------+--------+--------+--------+--------+-----+--------+

Top non-repeatable levels by time:
     D:1: 1055 daAuts
     D:3: 1042 daAuts
     D:4: 935 daAuts
     D:2: 890 daAuts
     D:5: 220 daAuts
